 Dungeon Sprint DCSS version 0.21-a0-616-g6d9b277d69 (webtiles) character file.

58 4tharraofdagon the Geomancer (level 3, -2/28 HPs)
             Began as a Deep Dwarf Earth Elementalist on Dec 23, 2017.
             Was a Believer of Makhleb.
             Slain by an ice devil (21 damage)
             ... in the Dungeon (Sprint VII: "The Pits").
             The game lasted 00:01:52 (207 turns).

4tharraofdagon the Geomancer (DDEE)                  Turns: 207, Time: 00:01:53

Health: -2/28      AC:  2    Str: 11    XL:     3   Next: 76%
Magic:  7/8        EV: 12    Int: 16    God:    Makhleb [**....]
Gold:   0          SH:  0    Dex: 13    Spells: 8/9 levels left

rFire    . . .     SeeInvis .   (no weapon)
rCold    . . .     Gourm    .   (no shield)
rNeg     . . .     Faith    .   c - +0 robe
rPois    .         Spirit   .   (no helmet)
rElec    .         Reflect  .   (no cloak)
rCorr    .         Harm     .   (no gloves)
MR       .....     NoTele   +   (no boots)
Stlth    ++........             (no amulet)
HPRegen  0.00/turn              (no ring)
MPRegen  0.11/turn              (no ring)

@: very slightly contaminated, non-regenerating, invisible
A: damage resistance, heal wounds, sense surroundings 1, no regeneration
a: Heal Wounds, Minor Destruction, Renounce Religion


You were in the Dungeon.
You worshipped Makhleb.
Makhleb was pleased with you.
You were not hungry.

You visited 1 branch

Inventory:

Missiles
 b - 21 stones (quivered)
Armour
 c - a +0 robe (worn)
Magical Staves
 p - an uncursed staff of energy
Scrolls
 j - a scroll of blinking
 l - 3 scrolls of remove curse
 m - 5 scrolls of amnesia
 n - a scroll of summoning
 o - 2 scrolls of vulnerability
Potions
 a - a potion of invisibility
 e - a potion of curing
 f - a potion of heal wounds
 g - a potion of haste
 h - 3 potions of magic
 i - 3 potions of berserk rage
Books
 k - a book of Geomancy

   Spells                             Type                      Level
   a - Sandblast                      Earth                        1
   b - Passwall                       Transmutation/Earth          2
   c - Stone Arrow                    Conjuration/Earth            3
   d - Petrify                        Transmutation/Earth          4
   e - Lee's Rapid Deconstruction     Earth                        5
Comestibles
 d - 9 rations


   Skills:
 - Level 2.1 Dodging
 - Level 2.4 Stealth
 + Level 3.9 Spellcasting
   Level 0.8 Transmutations
 * Level 8.9 Earth Magic


You had 8 spell levels left.
You knew the following spells:

 Your Spells              Type           Power        Failure   Level  Hunger
a - Sandblast             Erth           ####..       1%          1    None


Dungeon Overview and Level Annotations

Branches:
Dungeon (1/1)

Altars:
Ashenzari
Cheibriados
Dithmenos
Elyvilon
Fedhas
Gozag
Hepliaklqana
Kikubaaqudgha
Makhleb
Nemelex Xobeh
Okawaru
Qazlal
Ru
Sif Muna
Trog
Uskayaw
Vehumet
Wu Jian
Xom
Yredelemnul
Zin
The Shining One
Beogh
Jiyva
Lugonu


Innate Abilities, Weirdness & Mutations

You are resistant to damage.
You can heal yourself by infusing magical energy.
You passively map a small area around you.
You do not regenerate.


Message History

Press: ? - help, Shift-Dir - straight line, f - ice devil
Aim: an ice devil The blast of sand hits the ice devil.
b - 22 stones The ice devil barely misses you.
The orc throws a tomahawk.
The tomahawk hits the orc.
There is a staircase leading out of the dungeon here.
Casting: Sandblast
Confirm with . or Enter, or press ? or * to list all spells.
Aiming: Sandblast
Press: ? - help, Shift-Dir - straight line, f/p - ice devil
Aim: an ice devil The blast of sand hits the ice devil.
b - 21 stones The orc closely misses you.
The orc throws a tomahawk.
The tomahawk hits the orc!
The orc dies!
The ice devil hits you! The ice devil freezes you!!
Ouch! That really hurt!
You die...

##########.##................+
,
#.........).)......o.........+
#+#####'#####......#..#......#
#.# #.....##................#
#.#,,#####'#####[#####''######
* #.# #.hh..##..o....##')# ***
* #.# ,#....†##.......##....
#.# ###+####..)4...##....* ,
#.# , #...@†..##...## + #.#,,
, #.......##..## , #.# ,,
#.......##..# , #+#
#.......##..# , , #.. ,
*#########*, , #... * *** ,,,,
#...#, *, , * * #.##s * + , *
#..,#Y *


You could see an ice devil and an orc.

Vanquished Creatures
  An orc priest (D)
  A gnoll (D)
  A river rat (D)
  An orc (D)
  A hobgoblin (D)
  4 jackals (D)
  A ball python (D)
10 creatures vanquished.

Vanquished Creatures (others)
  An orc (D)
1 creature vanquished.

Grand Total: 11 creatures vanquished

Notes
Turn   | Place    | Note
-------+----------+-------------------------------------------
     0 | D        | 4tharraofdagon the Deep Dwarf Earth Elementalist began the quest for the Orb.
     0 | D        | Reached XP level 1. HP: 15/15 MP: 3/3
    11 | D        | Reached skill level 6 in Earth Magic
    11 | D        | Reached XP level 2. HP: 5/22 MP: 0/5
    40 | D        | Found a glowing golden altar of the Shining One.
    40 | D        | Found a glowing silver altar of Zin.
    40 | D        | Found a basalt altar of Yredelemnul.
    40 | D        | Found a shimmering altar of Xom.
    40 | D        | Found an ornate altar of the Wu Jian Council.
    40 | D        | Found a bloodstained altar of Trog.
    40 | D        | Found a deep blue altar of Sif Muna.
    40 | D        | Found a sacrificial altar of Ru.
    40 | D        | Found a stormy altar of Qazlal.
    40 | D        | Found an iron altar of Okawaru.
    40 | D        | Found a sparkling altar of Nemelex Xobeh.
    40 | D        | Found a burning altar of Makhleb.
    40 | D        | Found a viscous altar of Jiyva.
    40 | D        | Found a hazy altar of Hepliaklqana.
    40 | D        | Found an opulent altar of Gozag.
    40 | D        | Found a blossoming altar of Fedhas.
    40 | D        | Found a white marble altar of Elyvilon.
    40 | D        | Found a shadowy altar of Dithmenos.
    40 | D        | Found a snail-covered altar of Cheibriados.
    41 | D        | Found a radiant altar of Vehumet.
    41 | D        | Found a corrupted altar of Lugonu.
    41 | D        | Found a roughly hewn altar of Beogh.
    42 | D        | Found a hide-covered altar of Uskayaw.
    42 | D        | Found an ancient bone altar of Kikubaaqudgha.
    42 | D        | Found a shattered altar of Ashenzari.
    48 | D        | Became a worshipper of Makhleb the Destroyer
    66 | D        | Reached skill level 7 in Earth Magic
    69 | D        | Reached * piety under Makhleb
    86 | D        | Reached ** piety under Makhleb
   125 | D        | Noticed an ice beast
   184 | D        | Noticed an ice devil
   186 | D        | Reached XP level 3. HP: 28/28 MP: 5/7
   202 | D        | Reached skill level 8 in Earth Magic
   207 | D        | Slain by an ice devil

Vault maps used:
D:        pitsprint

Skill      XL: |  1  2  3 |
---------------+----------+-----
Spellcasting   | 2 3 |  3.9
Earth Magic    | 6 7 8 |  8.9
Dodging        | |  2.1
Stealth        | |  2.4
Transmutations | |  0.8

Action                   || total
-------------------------++-------
Melee: Unarmed           ||     1
 Cast: Sandblast         ||    19
 Abil: Heal Wounds       ||     1
  Use: Potion            ||     2
Armor: Robe              ||     1
Dodge: Dodged            ||    17

Table legend:
 A = Spawn XP
 B = Non-spawn XP
 C = Spawn XP percentage of total XP
 D = Spawn monster count
 E = Non-spawn monster count
 F = Spawn count percentage of total count
 G = Total turns spent on level
                    A         B        C        D         E        F      G
               +---------+---------+-------+---------+---------+-------+---------
         Total |       0 |      84 |   0.0 |       0 |      10 |   0.0 |   207
               +---------+---------+-------+---------+---------+-------+---------
             D |       0 |      84 |   0.0 |       0 |      10 |   0.0 |   207
               +---------+---------+-------+---------+---------+-------+---------

Vault maps used:
D:        pitsprint
